Description

Simple optimized 2 Base, 3 Gates, Robo + Blink build.

Build Order

Get SALT Encoding   

  14  0:17  Pylon  
  16  0:36  Gateway  Scout sent
  16  0:42  Assimilator  
  20  1:23  Cybernetics Core  
  22  1:40  Pylon  
  22  1:48  Nexus  
  23  2:00  Stalker  
  25  2:05  Mothership Core  
  27  2:10  Assimilator  
  27  2:18  Gateway  
  27  2:23  Warp Gate  23 Probes, 1 Stalker, 1 MC
  30  2:48  Robotics Facility  
  30  2:51  Gateway  
  32  3:02  Assimilator  
  34  3:14  Stalker  
  38  3:26  Twilight Council  
  40  3:36  Pylon  
  40  3:37  Observer  
  45  3:59  Warp Gate x3  
  45  4:06  Stalker x3  
  51  4:07  Blink  38 Probes, 5 Stalkers, 1 Observer, 1 MC
Spawning Tool Build Advisor. Get it on Overwolf

Analysis

Continue as you like.

Go to:

Details

  • Created by: DrKobalt
  • Published on: Sep 17, 2016
  • Modified on: Sep 24, 2016
  • Patch: Pre-3.8.0
Show
View Real Time Build Order
Export as new Build Order

Comments (2)

On Sept. 24, 2016, 5:40 p.m., DrKobalt  said:

You are right, there was something wrong. I updated it. Please take a look.

On Sept. 24, 2016, 4:23 p.m., DrKobalt  said:

Let me check if there is some transcription error in copying the build order. But just doing a quick count:

2 Bases = 15+15 = 30
3 Pylon = 8 + 8 + 8 = 24
Total Supply = 54

40 probes + 5 Stalker + 1 Obs + 1 MC = 40 + 10 + 2 + 2 = 54

Unless I am missing something.

Create an account to comment!